[Event "Team 45 45 League T66"]
[Site "Internet Chess Club"]
[Date "2015.09.26"]
[Round "4"]
[White "zepled37"]
[Black "RUPIS"]
[Result "1/2-1/2"]
[WhiteElo "1686"]
[BlackElo "1675"]
[Opening "English opening: Agincourt variation"]
[ECO "A13"]
[Time "14:08:09"]
[TimeControl "2700+45"]

1. c4 e6 2. Nf3 d5 3. g3 c5 4. Bg2 Nc6 5. O-O Nf6 6. Na3 Bd6 7. d3 O-O 8. Bg5
Bd7 9. cxd5 exd5 10. d4 cxd4 11. Nxd4 Be5 12. Nxc6 bxc6 13. Qd2 Rb8 14. Rab1 Bf5
15. e4 Bxe4 16. Bxf6 Qxf6 17. Bxe4 dxe4 18. Nc4 Rfd8 19. Qc2 Qf5 20. b3 Bd4 21.
Nd2 Re8 22. Rbe1 Rb4 23. a3 Rb5 24. Qxc6 Rbe5 25. Qc2 Qh3 26. Rxe4 Rxe4 27. Nxe4
Qf5 28. Re1 Re5 29. Kg2 h5 30. h3 h4 31. g4 Qf4 32. Re2 Bb6 33. b4 Kh8 {Game
drawn by mutual agreement} 1/2-1/2

[Event "Team 45 45 League T66"]
[Site "Internet Chess Club"]
[Date "2015.09.27"]
[Round "4"]
[White "Schachteufel"]
[Black "Grenadier"]
[Result "1-0"]
[WhiteElo "1722"]
[BlackElo "1586"]
[Opening "Caro-Kann: Tartakower (fantasy) variation"]
[ECO "B12"]
[Time "08:00:23"]
[TimeControl "2700+45"]

1. e4 c6 2. d4 d5 3. f3 e6 4. Nc3 Bb4 5. Ne2 dxe4 6. fxe4 e5 7. Be3 Qh4+ 8. Ng3
Nf6 9. dxe5 Ng4 10. Qd2 O-O 11. O-O-O Be6 12. Bg5 Bxc3 13. bxc3 Qxg5 14. Qxg5
Nf2 15. Nh5 g6 16. Nf6+ Kg7 17. Qh4 {Black resigns} 1-0

[Event "Team 45 45 League T66"]
[Site "Internet Chess Club"]
[Date "2015.09.27"]
[Round "4"]
[White "GoIrish"]
[Black "mongmong"]
[Result "1/2-1/2"]
[WhiteElo "1546"]
[BlackElo "1614"]
[Opening "Réti opening"]
[ECO "A04"]
[Time "20:32:55"]
[TimeControl "2700+45"]

1. Nf3 e6 2. g3 Nf6 3. Bg2 Be7 4. O-O d5 5. d3 O-O 6. Nbd2 b5 7. e4 Bb7 8. e5
Nfd7 9. d4 c5 10. c3 Nc6 11. Nb3 cxd4 12. cxd4 a5 13. Be3 b4 14. h4 Nb6 15. Nc5
Bxc5 16. dxc5 Nd7 17. Bd4 Qc7 18. Re1 Nxd4 19. Qxd4 Qxc5 20. Rac1 Qxd4 21. Nxd4
Rac8 22. Nb5 Rxc1 23. Rxc1 Rc8 24. Rxc8+ Bxc8 25. Nd6 Ba6 26. Bf1 Bxf1 27. Kxf1
Nxe5 28. Nb7 Nc6 29. Ke2 Kf8 30. Kd3 Ke7 31. Nc5 Kd6 32. Nb3 h5 33. a3 bxa3 34.
bxa3 f5 35. f4 e5 36. fxe5+ Kxe5 37. Nc5 Kd6 38. Nb7+ Ke5 39. Nc5 Kd6 40. Nb7+
Ke5 41. Nc5 Kd6 42. Nb7+ {Game drawn by repetition} 1/2-1/2

[Event "Team 45 45 League T66"]
[Site "Internet Chess Club"]
[Date "2015.10.02"]
[Round "4"]
[White "RD1974"]
[Black "Skeptic1972"]
[Result "1/2-1/2"]
[WhiteElo "1661"]
[BlackElo "1721"]
[Opening "French: King's Indian attack"]
[ECO "C00"]
[Time "13:01:38"]
[TimeControl "2700+45"]

1. e4 e6 2. d3 d5 3. Nd2 c5 4. Ngf3 Nc6 5. g3 d4 6. Bg2 e5 7. h3 Bd6 8. c3 Nge7
9. O-O O-O 10. a4 b6 11. Nc4 Ba6 12. Qb3 Rb8 13. Nh4 b5 14. Nxd6 Qxd6 15. Nf5
Nxf5 16. exf5 bxa4 17. Qd5 Qxd5 18. Bxd5 Bxd3 19. Bxc6 Bxf1 20. Kxf1 c4 21. Rxa4
dxc3 22. Ra2 cxb2 23. Bxb2 Rfc8 24. Be4 f6 25. Ke2 c3 26. Bc1 Rb4 27. f3 Rc7 28.
Kd1 Rb5 29. Kc2 a5 30. Bd3 Rbc5 31. Be3 Rd5 32. Bb6 Rc6 33. Rxa5 Rxd3 34. Kxd3
Rxb6 35. Kxc3 h6 36. h4 Rb1 37. Kd3 Rb3+ 38. Ke4 h5 39. Ra8+ Kh7 40. Ra1 Rb2 41.
Rg1 Rh2 42. f4 exf4 43. Kxf4 Rf2+ 44. Ke4 Re2+ 45. Kf3 Re5 46. Kf4 Ra5 47. Re1
Ra2 48. Rg1 Ra4+ 49. Kf3 Ra3+ {Game drawn by mutual agreement} 1/2-1/2

[Event "Team 45 45 League T66"]
[Site "Internet Chess Club"]
[Date "2015.09.25"]
[Round "4"]
[White "nidusin2"]
[Black "bayoumicardio10"]
[Result "0-1"]
[WhiteElo "1581"]
[BlackElo "1611"]
[Opening "King's Indian: 5.Nf3"]
[ECO "E90"]
[Time "20:02:22"]
[TimeControl "2700+45"]

1. d4 Nf6 2. Nf3 g6 3. c4 d6 4. Nc3 Bg7 5. e4 O-O 6. Bd3 Nc6 7. O-O e5 8. d5 Ne7
9. h3 Ne8 10. Be3 f5 11. exf5 gxf5 12. c5 e4 13. Nxe4 fxe4 14. Bxe4 Nf6 15. cxd6
Qxd6 16. Bc2 Bf5 17. Bb3 Nfxd5 18. Rc1 b6 19. Qd2 Kh8 20. Bd4 Rg8 21. Ng5 Qg6
22. g4 Bxg4 23. hxg4 h6 24. Bxg7+ Qxg7 25. Bxd5 Rad8 26. Nf7+ Qxf7 27. Qc3+ Qg7
28. Bxg8 Qxc3 29. Rxc3 Rxg8 30. Rxc7 Rxg4+ 31. Kh2 Nf5 32. Rd1 Rh4+ 33. Kg2 Rg4+
34. Kf3 Rg8 35. Rdd7 Rf8 36. Rf7 Rxf7 37. Rxf7 Nd4+ 38. Ke4 Nb5 39. a4 Nd6+
{White resigns} 0-1

[Event "Team 45 45 League T66"]
[Site "Internet Chess Club"]
[Date "2015.09.28"]
[Round "4"]
[White "chesskix"]
[Black "Insan996"]
[Result "0-1"]
[WhiteElo "1472"]
[BlackElo "1595"]
[Opening "English: symmetrical, hedgehog system"]
[ECO "A05"]
[Time "19:10:57"]
[TimeControl "2700+45"]

1. Nf3 Nf6 2. c4 e6 3. Nc3 b6 4. g3 Bb7 5. Bg2 c5 6. O-O Be7 7. d3 O-O 8. Bd2
Nc6 9. a3 Rc8 10. e3 Qc7 11. Nb5 Qb8 12. Re1 d5 13. b3 a6 14. Nc3 Rfd8 15. Na4
Qc7 16. Nb2 Rd7 17. Bc3 e5 18. d4 exd4 19. exd4 cxd4 20. Bxd4 Nxd4 21. Qxd4 dxc4
22. Qxc4 Qd8 23. Qe2 Rcc7 24. Nc4 b5 25. Nce5 Bxf3 26. Bxf3 Rd2 27. Qf1 Rcc2 28.
Rad1 Bxa3 29. Rxd2 Rxd2 30. Rd1 g6 31. Rxd2 Qxd2 32. Nd3 Bd6 33. Kg2 Qc3 34. b4
Bxb4 35. Nxb4 Qxb4 36. Qd1 a5 37. Qd8+ Kg7 38. h4 h5 39. Bc6 Qc5 40. Bf3 a4 41.
Qa5 Ng4 42. Bxg4 hxg4 43. Qd2 Qe5 44. Qd1 Qe4+ 45. Kg1 Qe6 46. Qb1 Qf6 47. Qxb5
a3 48. Qa4 Qb2 49. Qxg4 a2 50. h5 a1=Q+ 51. Kg2 Qb7+ {White resigns} 0-1

[Event "Team 45 45 League T66"]
[Site "Internet Chess Club"]
[Date "2015.09.23"]
[Round "4"]
[White "fireball"]
[Black "bardu"]
[Result "1-0"]
[WhiteElo "1623"]
[BlackElo "1304"]
[Opening "KGA: Hanstein gambit"]
[ECO "C38"]
[Time "13:04:53"]
[TimeControl "2700+45"]

1. e4 e5 2. f4 exf4 3. Nf3 g5 4. Bc4 Bg7 5. O-O d6 6. d4 h6 7. c3 Nc6 8. Qb3 Qe7
9. Re1 g4 10. Nfd2 Nf6 11. Rf1 Nh5 12. Rf2 O-O 13. Na3 Na5 14. Qc2 Qh4 15. Nf1
g3 16. Rf3 Bg4 17. hxg3 Nxg3 18. Rxf4 Nxc4 19. Nxc4 Ne2+ 20. Qxe2 Bxe2 21. Rxh4
Bxc4 22. Bxh6 Bxh6 23. Rxh6 Bxf1 24. Rxf1 Rfe8 25. Rf4 Re6 26. Rh5 Rae8 27. Rg4+
Kf8 28. Rh8+ Ke7 29. Rxe8+ Kxe8 30. Kf2 Kd7 31. Rf4 Ke7 32. Kf3 Rf6 33. Rxf6
Kxf6 34. Kf4 c6 35. c4 b6 36. b4 Ke6 37. d5+ cxd5 38. exd5+ Ke7 39. Kf5 f6 40.
g4 a6 41. Kg6 b5 42. cxb5 axb5 43. a3 f5 44. gxf5 Kf8 45. Kf6 Ke8 46. Ke6 Kf8
47. Kxd6 {Black resigns} 1-0

[Event "Team 45 45 League T66"]
[Site "Internet Chess Club"]
[Date "2015.09.26"]
[Round "4"]
[White "f5"]
[Black "Jack-ONeill"]
[Result "1/2-1/2"]
[WhiteElo "2016"]
[BlackElo "2032"]
[Opening "French: Albin-Alekhine-Châtard attack"]
[ECO "C13"]
[Time "13:02:15"]
[TimeControl "2700+45"]

1. e4 e6 2. d4 d5 3. Nc3 Nf6 4. Bg5 Be7 5. e5 Nfd7 6. h4 Nc6 7. Nf3 h6 8. Be3 a6
9. h5 b5 10. Ne2 Nb6 11. c3 b4 12. Nf4 bxc3 13. bxc3 Na5 14. Nd2 Bd7 15. Qg4 Bf8
16. Rb1 Qe7 17. Bd3 Bb5 18. O-O Nac4 19. Nxc4 Bxc4 20. Bxc4 Nxc4 21. Rb3 Qg5 22.
Qh3 Nxe3 23. fxe3 Be7 24. Rb7 O-O 25. Rxc7 Ba3 26. Rb1 Rab8 27. Rcb7 Rxb7 28.
Rxb7 Bc1 29. Kh2 Bd2 30. Rc7 Qd8 31. Rc5 Qe7 32. Qg3 Rb8 33. Rc6 a5 34. Ra6 Bxc3
35. Rc6 Bd2 36. Rc2 Bb4 37. Nd3 Qd7 38. Qf3 Rc8 39. Qd1 Rxc2 40. Qxc2 Qd8 41.
Nxb4 Qh4+ 42. Kg1 Qe1+ 43. Kh2 Qh4+ 44. Kg1 Qe1+ 45. Kh2 Qh4+ {Game drawn by
repetition} 1/2-1/2

[Event "Team 45 45 League T66"]
[Site "Internet Chess Club"]
[Date "2015.10.04"]
[Round "4"]
[White "Ptzz"]
[Black "WCourson"]
[Result "0-1"]
[WhiteElo "1983"]
[BlackElo "1923"]
[Opening "Ruy Lopez: Schliemann defense"]
[ECO "C63"]
[Time "04:00:31"]
[TimeControl "2700+45"]

1. e4 e5 2. Nf3 Nc6 3. Bb5 f5 4. d3 fxe4 5. dxe4 Nf6 6. Nc3 Bb4 7. Qd3 d6 8. Bg5
Be6 9. O-O Bxc3 10. Qxc3 Qd7 11. Nxe5 Nxe4 12. Qe3 dxe5 13. Qxe4 Bd5 14. Qe3 O-O
15. Rad1 Qf7 16. Qc5 Nd4 17. c3 b6 18. Qe7 Nxb5 19. Qxe5 Bc4 20. Rfe1 Qxf2+ 21.
Kh1 Nd6 22. Be3 Qf7 23. b3 Rae8 24. Qg3 Nf5 {White resigns} 0-1

[Event "Team 45 45 League T66"]
[Site "Internet Chess Club"]
[Date "2015.09.27"]
[Round "4"]
[White "santiagoelawad"]
[Black "Holgate"]
[Result "0-1"]
[WhiteElo "2040"]
[BlackElo "2043"]
[Opening "King's Indian: fianchetto, classical variation"]
[ECO "E67"]
[Time "15:14:00"]
[TimeControl "2700+45"]

1. c4 g6 2. Nc3 Bg7 3. Nf3 Nf6 4. g3 O-O 5. Bg2 d6 6. O-O e5 7. d4 Nbd7 8. b3
Re8 9. e3 c6 10. d5 e4 11. Nd4 cxd5 12. cxd5 Nb6 13. Ba3 Nbxd5 14. Ncb5 Qa5 15.
Bxd6 a6 16. Na3 Bg4 17. Qe1 Qd8 18. Bf4 Nxf4 19. gxf4 Nd5 20. Nac2 Qh4 21. Rc1
Rac8 22. Qd2 Qh5 23. Nb4 Nxb4 24. Qxb4 Bf3 25. Bxf3 exf3 26. Kh1 Qh3 27. Nxf3
Qxf3+ 28. Kg1 h5 29. Rc5 Rxc5 30. Qxc5 f5 31. Qd6 Kh7 32. Qd7 Rg8 33. Qe7 Qg4+
34. Kh1 h4 35. Qxb7 Rd8 36. f3 Qh3 37. Qxa6 Rd2 {White resigns} 0-1

[Event "Team 45 45 League T66"]
[Site "Internet Chess Club"]
[Date "2015.09.26"]
[Round "4"]
[White "Tobiasdelmonte"]
[Black "Freitac"]
[Result "0-1"]
[WhiteElo "1820"]
[BlackElo "1859"]
[Opening "King's Indian: London system"]
[ECO "A48"]
[Time "08:24:30"]
[TimeControl "2700+45"]

1. d4 Nf6 2. Nf3 g6 3. Bf4 Bg7 4. e3 O-O 5. Be2 d5 6. h3 c5 7. O-O Nc6 8. c4 Be6
9. Ng5 Bf5 10. Nc3 cxd4 11. exd4 dxc4 12. d5 Nb4 13. Bxc4 Rc8 14. Qb3 Bd3 15.
Bxd3 Nxd3 16. Be3 Nc5 17. Bxc5 Rxc5 18. Qxb7 Nxd5 19. Rfd1 Bxc3 20. bxc3 e6 21.
Ne4 Rc7 22. Qb3 Qh4 23. Re1 Rfc8 24. Rac1 Qe7 25. c4 Nf6 26. Nd2 Nd7 27. Qf3 Nc5
28. Nb3 Nd7 29. Qe4 Qa3 30. Qe2 Nc5 31. Nd4 Nd3 32. Qe3 Rxc4 33. Rxc4 Rxc4 34.
Rd1 Rc1 35. Rxc1 Qxc1+ 36. Qxc1 Nxc1 37. a3 Kf8 38. Kf1 Ke8 39. Ke1 Nd3+ 40. Ke2
Nf4+ 41. Kf3 Nd5 42. Ke4 Kd7 43. Ke5 f6+ 44. Ke4 a6 45. g3 Kd6 46. f4 Nc3+ 47.
Kd3 Nb5 48. Nc2 Kc5 49. a4 Nc7 50. Kc3 Nd5+ 51. Kb3 e5 52. fxe5 fxe5 53. Ne1 e4
54. h4 Kd4 55. Nc2+ Kd3 56. a5 e3 57. Ne1+ Kd2 58. Nf3+ Kd1 59. Kc4 Ne7 60. Kc5
e2 61. Kb6 e1=Q 62. Nxe1 Kxe1 63. Kxa6 Nc6 64. Kb6 Nxa5 65. Kxa5 Kf2 66. g4 Kg3
67. h5 Kxg4 68. hxg6 hxg6 69. Kb4 Kf3 {White resigns} 0-1

[Event "Team 45 45 League T66"]
[Site "Internet Chess Club"]
[Date "2015.09.27"]
[Round "4"]
[White "chessfan"]
[Black "flacoligth"]
[Result "1/2-1/2"]
[WhiteElo "2072"]
[BlackElo "1986"]
[Opening "French: Tarrasch, closed variation"]
[ECO "C05"]
[Time "20:57:18"]
[TimeControl "2700+45"]

1. e4 e6 2. d4 d5 3. Nd2 Nf6 4. e5 Nfd7 5. Bd3 c5 6. c3 Nc6 7. Ne2 f6 8. Nf4 Qe7
9. Nf3 cxd4 10. cxd4 fxe5 11. dxe5 Ndxe5 12. Nxe5 Nxe5 13. Qh5+ Nf7 14. O-O g6
15. Qe2 Bg7 16. Bb5+ Kf8 17. Bd2 Bxb2 18. Rae1 Be5 19. Nd3 Bd6 20. Bc3 Rg8 21.
Qb2 a6 22. Ba4 Qc7 23. f4 Qc4 24. Qc2 b5 25. Bb3 Qc7 26. Qb2 Bd7 27. Rc1 Qd8 28.
Bf6 Be7 29. Bxe7+ Qxe7 30. Rfe1 Qd6 31. Qf6 Re8 32. Nc5 Bc8 33. a4 Rg7 34. Qd4
{Game drawn by mutual agreement} 1/2-1/2

[Event "Team 45 45 League T66"]
[Site "Internet Chess Club"]
[Date "2015.09.27"]
[Round "4"]
[White "Otelo"]
[Black "dp15"]
[Result "0-1"]
[WhiteElo "1839"]
[BlackElo "2004"]
[Opening "Four knights: Spanish variation"]
[ECO "C48"]
[Time "18:00:29"]
[TimeControl "2700+45"]

1. e4 e5 2. Nf3 Nc6 3. Nc3 Nf6 4. Bb5 Bd6 5. O-O O-O 6. d3 Re8 7. Bg5 a6 8. Ba4
h6 9. Bh4 Bc5 10. Nd5 g5 11. Nxg5 Nxd5 12. exd5 hxg5 13. Qg4 d6 14. Bxg5 Bxg4
15. Bxd8 Raxd8 16. dxc6 b6 17. c3 Be2 18. Rfe1 Bxd3 19. b4 b5 20. Bb3 Bb6 21.
Bd5 e4 22. Rad1 Re5 23. Bb3 Rf5 24. Rd2 e3 {White resigns} 0-1

[Event "Team 45 45 League T66"]
[Site "Internet Chess Club"]
[Date "2015.09.26"]
[Round "4"]
[White "hood"]
[Black "willhelm"]
[Result "1/2-1/2"]
[WhiteElo "2047"]
[BlackElo "1918"]
[Opening "Scandinavian: Pytel-Wade variation"]
[ECO "B01"]
[Time "18:34:04"]
[TimeControl "2700+45"]

1. e4 d5 2. exd5 Qxd5 3. Nc3 Qd6 4. Nf3 c6 5. Bc4 Bf5 6. d4 e6 7. Be3 Nf6 8. Qd2
Nbd7 9. h3 Nb6 10. Bb3 Ne4 11. Nxe4 Bxe4 12. Bf4 Qd8 13. c3 Bxf3 14. gxf3 Bd6
15. Rg1 Bxf4 16. Qxf4 Qf6 17. Qxf6 gxf6 18. O-O-O Ke7 19. Rg7 Nd5 20. Bxd5 cxd5
21. f4 f5 22. Rdg1 Kf6 23. h4 h6 24. R7g3 Rac8 25. Kc2 Ke7 26. Kd3 Kf6 27. b3 b5
28. Rb1 Rhg8 29. Rbg1 Rh8 30. h5 a5 31. a3 Ke7 32. b4 {Game drawn by mutual
agreement} 1/2-1/2

[Event "Team 45 45 League T66"]
[Site "Internet Chess Club"]
[Date "2015.09.24"]
[Round "4"]
[White "roji"]
[Black "joebobpop"]
[Result "1/2-1/2"]
[WhiteElo "1875"]
[BlackElo "1900"]
[Opening "Ruy Lopez: Anderssen variation"]
[ECO "C77"]
[Time "21:47:13"]
[TimeControl "2700+45"]

1. e4 e5 2. Nf3 Nc6 3. Bb5 a6 4. Ba4 Nf6 5. d3 b5 6. Bb3 Bc5 7. Be3 Bxe3 8. fxe3
d6 9. c3 O-O 10. Nbd2 h6 11. Qe2 Be6 12. Bxe6 fxe6 13. O-O d5 14. exd5 exd5 15.
e4 d4 16. Nh4 dxc3 17. bxc3 Qd7 18. Ndf3 Rad8 19. Rad1 Qe6 20. Nf5 Ne7 21. N3h4
Kh7 22. Qe3 Nxf5 23. Nxf5 Qb6 24. Qxb6 cxb6 25. Rfe1 Rc8 26. Rc1 Rfd8 27. Red1
b4 28. c4 Rd7 29. Ne3 Rc5 30. Nd5 Nxd5 31. cxd5 Rdc7 32. Rxc5 Rxc5 33. Kf2 Kg6
34. Ke3 Kf6 35. Rf1+ Ke7 36. Rf5 Kd6 37. Rf7 Rc2 38. Rxg7 Rxa2 39. Rg6+ Kc5 40.
d6 Kc6 41. d7+ Kxd7 42. Rxb6 Rxg2 43. Rxb4 Rxh2 44. Ra4 Rg2 45. Rxa6 h5 46. Rh6
Rg5 47. Kd2 Ke7 48. Kc3 Kf7 49. Kc4 Kg7 50. Ra6 h4 51. Kd5 h3 52. Ra1 h2 53. Rh1
Rh5 {Game drawn by mutual agreement} 1/2-1/2

[Event "Team 45 45 League T66"]
[Site "Internet Chess Club"]
[Date "2015.09.27"]
[Round "4"]
[White "SlimeDog2"]
[Black "room-matt"]
[Result "1-0"]
[WhiteElo "2078"]
[BlackElo "1849"]
[Opening "Budapest: Rubinstein variation"]
[ECO "A52"]
[Time "14:11:31"]
[TimeControl "2700+45"]

1. d4 Nf6 2. c4 e5 3. dxe5 Ng4 4. Bf4 Nc6 5. Nf3 Bb4+ 6. Nbd2 Qe7 7. a3 Ngxe5 8.
Nxe5 Nxe5 9. e3 Bxd2+ 10. Qxd2 d6 11. Be2 O-O 12. O-O a5 13. b3 b6 14. h3 Bb7
15. Rfe1 Rfe8 16. Bf1 Qe6 17. Qc3 Qg6 18. Bg3 Re6 19. b4 Qf6 20. Rac1 axb4 21.
axb4 Ree8 22. c5 dxc5 23. bxc5 Rac8 24. f4 Qg6 25. Kh2 Nc6 26. Bd3 Qh5 27. Qb3
Na5 28. Qc2 Nc6 29. cxb6 Nb4 30. Qe2 Qxe2 31. Bxe2 cxb6 32. Bf2 Nc2 33. Red1 h6
34. Rd2 Nxe3 35. Rxc8 Bxc8 36. Bb5 Bf5 37. Re2 Nf1+ 38. Kg1 Rxe2 39. Bxe2 Nd2
40. Bxb6 Ne4 41. g4 Be6 42. Bd4 f5 43. Bd3 g6 44. Kh2 Nd2 45. Kg3 Kf7 46. g5
hxg5 47. fxg5 Ne4+ 48. Kf4 Bd5 49. h4 Ke6 50. Bb5 Nd6 51. Ba4 Ba8 52. Bc5 Ne4
53. Bb4 Nf2 54. Bc3 Nd3+ 55. Ke3 Nc5 56. Be8 Ne4 57. Bd4 Kd5 58. Bf7+ Kd6 59.
Bxg6 Ng3 60. h5 Be4 61. Bc3 f4+ 62. Kxf4 Bxg6 63. hxg6 Ne2+ 64. Kf3 Ke7 65. Kxe2
Kf8 66. Kf3 Kg8 67. Kg4 Kf8 68. Kh5 {Black resigns} 1-0

[Event "Team 45 45 League T66"]
[Site "Internet Chess Club"]
[Date "2015.09.27"]
[Round "4"]
[White "tryanything"]
[Black "Goli"]
[Result "0-1"]
[WhiteElo "1559"]
[BlackElo "1640"]
[Opening "Robatsch defense: three pawns attack"]
[ECO "B06"]
[Time "17:54:23"]
[TimeControl "2700+45"]

1. e4 g6 2. d4 Bg7 3. f4 d6 4. c3 Nf6 5. Bd3 O-O 6. Nf3 c5 7. O-O cxd4 8. Nxd4
Qb6 9. Qb3 Qc5 10. Qb5 Qc7 11. Na3 a6 12. Qb3 Qc5 13. Kh1 e5 14. fxe5 dxe5 15.
Nf3 Ng4 16. Qc2 Nc6 17. h3 Ne3 18. Bxe3 Qxe3 19. Nc4 Qa7 20. Rad1 b5 21. Ncd2
Bb7 22. Nb3 Rac8 23. Qf2 Qxf2 24. Rxf2 Nd8 25. Na5 Ba8 26. a4 bxa4 27. Bxa6 Rc5
28. Nc4 Bxe4 29. Ng5 Bd5 30. Nd6 Bb3 31. Rdf1 Rc6 32. Ne8 Rxa6 33. Nxg7 {White
resigns} 0-1

[Event "Team 45 45 League T66"]
[Site "Internet Chess Club"]
[Date "2015.09.26"]
[Round "4"]
[White "chessnow"]
[Black "santiagoelawad"]
[Result "0-1"]
[WhiteElo "1829"]
[BlackElo "2058"]
[Opening "Caro-Kann: advance variation"]
[ECO "B12"]
[Time "12:01:22"]
[TimeControl "2700+45"]

1. e4 c6 2. d4 d5 3. e5 Bf5 4. Nf3 e6 5. Be2 Nd7 6. c3 Bg6 7. Bg5 f6 8. Bh4 Nh6
9. Nbd2 Nf5 10. Bg3 Be7 11. O-O O-O 12. exf6 Bxf6 13. Nb3 Nxg3 14. fxg3 Qb6 15.
Bd3 Bxd3 16. Qxd3 e5 17. Qc2 e4 18. Nfd2 Rf7 19. Rae1 Raf8 20. Rf2 e3 21. Rfe2
exd2 22. Qxd2 c5 23. Re8 cxd4 24. Rxf8+ Rxf8 25. cxd4 Nb8 26. Nc5 Nc6 27. Kh1
Rc8 28. Qe3 Nxd4 29. Nd7 Qd6 30. Nxf6+ Qxf6 31. Rc1 Rxc1+ 32. Qxc1 Nc6 33. h3 d4
34. Qc4+ Qf7 35. Qe2 h6 36. a3 Qd7 37. Qc4+ Kh8 38. Qd3 Ne5 {White resigns} 0-1

[Event "Team 45 45 League T66"]
[Site "Internet Chess Club"]
[Date "2015.09.25"]
[Round "4"]
[White "VictorRed"]
[Black "SAC2001"]
[Result "0-1"]
[WhiteElo "1809"]
[BlackElo "1838"]
[Opening "Ruy Lopez: closed, Chigorin, 12...c5d4"]
[ECO "C99"]
[Time "22:30:34"]
[TimeControl "2700+45"]

1. e4 e5 2. Nf3 Nc6 3. Bb5 a6 4. Ba4 Nf6 5. O-O Be7 6. Re1 b5 7. Bb3 d6 8. c3
O-O 9. h3 Na5 10. Bc2 c5 11. d4 Qc7 12. Nbd2 cxd4 13. cxd4 Nc6 14. Nf1 exd4 15.
Bd2 h6 16. Bf4 Be6 17. a3 Rfd8 18. Rc1 Qb6 19. Ng3 Rac8 20. Nf5 Bxf5 21. exf5
Bf8 22. Bb3 d5 23. Ne5 Na5 24. Ba2 Nc4 25. Ng4 Nxb2 26. Nxf6+ Qxf6 27. Qg4 Nd3
28. Rxc8 Rxc8 29. Rd1 Nxf4 30. Qxf4 Bd6 31. Qf3 Qe5 32. g3 Rc3 33. Qg4 Rxa3 34.
Bb1 Rc3 35. Kf1 b4 36. Re1 Qf6 37. Qe2 Bc5 38. Qxa6 Qxa6+ {White resigns} 0-1

[Event "Team 45 45 League T66"]
[Site "Internet Chess Club"]
[Date "2015.09.23"]
[Round "4"]
[White "gyu123987kool"]
[Black "Heian"]
[Result "0-1"]
[WhiteElo "1778"]
[BlackElo "1783"]
[Opening "Ruy Lopez: Classical defense deferred"]
[ECO "C70"]
[Time "19:16:19"]
[TimeControl "2700+45"]

1. e4 e5 2. Nf3 Nc6 3. Bb5 a6 4. Ba4 Bc5 5. O-O b5 6. Bb3 d6 7. a4 b4 8. c3 Qf6
9. h3 Nge7 10. Re1 Rb8 11. d3 h5 12. a5 Bg4 13. Ba4 Kf8 14. Be3 Bxf3 15. gxf3
Bxe3 16. fxe3 Qg5+ 17. Kh2 Rh6 18. Qe2 Rg6 19. Qf2 bxc3 20. Nxc3 Rxb2 21. Ne2
Nb4 22. Red1 Rxe2 23. Qxe2 Qg3+ 24. Kh1 Qxh3+ {White resigns} 0-1

[Event "Team 45 45 League T66"]
[Site "Internet Chess Club"]
[Date "2015.09.27"]
[Round "4"]
[White "FrankNautilus"]
[Black "anishio"]
[Result "1-0"]
[WhiteElo "1732"]
[BlackElo "1638"]
[Opening "Trompowsky attack (Ruth, Opocenský opening)"]
[ECO "A45"]
[Time "20:39:19"]
[TimeControl "2700+45"]

1. d4 Nf6 2. Bg5 d6 3. Bxf6 exf6 4. e3 Be6 5. d5 Bf5 6. Nc3 Nd7 7. e4 Bg6 8. Nf3
Qe7 9. Bd3 O-O-O 10. O-O h5 11. Qe2 h4 12. Qe3 Kb8 13. h3 Bh5 14. Nxh4 g5 15.
Nf5 Qe5 16. a4 g4 17. h4 Bg6 18. g3 Re8 19. Rfe1 Be7 20. a5 Bd8 21. Bb5 Bxf5 22.
exf5 Qxf5 23. Qxe8 Rxe8 24. Rxe8 Kc8 25. Bd3 Qh5 26. Nb5 Ne5 27. Nxa7+ Kb8 28.
Nc6+ bxc6 29. Rxd8+ Ka7 30. dxc6 Nxc6 31. Rd7 Kb8 32. a6 Qd5 33. a7+ Nxa7 34.
Rd8+ Kb7 35. Bf1 Nc6 36. Bg2 Qe6 37. Ra3 Kb6 38. Rda8 d5 39. R8a6+ Kb7 40. Bf1
d4 41. Bg2 Qe1+ 42. Kh2 Qxf2 43. Rxc6 {Black resigns} 1-0

[Event "Team 45 45 League T66"]
[Site "Internet Chess Club"]
[Date "2015.09.25"]
[Round "4"]
[White "Hal2001"]
[Black "RUPIS"]
[Result "1/2-1/2"]
[WhiteElo "1644"]
[BlackElo "1674"]
[Opening "French: Two knights variation"]
[ECO "C00"]
[Time "15:07:31"]
[TimeControl "2700+45"]

1. e4 e6 2. Nc3 d5 3. Nf3 Nf6 4. e5 Nfd7 5. d4 c5 6. dxc5 Nc6 7. Bf4 Bxc5 8. Bd3
Qb6 9. O-O Qxb2 10. Nb5 Kf8 11. Bd2 a6 12. Bc3 Qxa1 13. Qxa1 axb5 14. Bxb5 Na7
15. Bxd7 Bxd7 16. Nd4 Nb5 17. Nxb5 Bxb5 18. Rb1 Bc6 19. Bb4 Bxb4 20. Rxb4 g6 21.
a4 Kg7 22. a5 Ra6 23. Rb6 Ra7 24. Rb3 Rha8 25. Ra3 b6 26. a6 Bb5 27. Qd4 Rxa6
28. Rxa6 Rxa6 29. f3 Bc4 30. Qb2 Ra2 31. Qxb6 Rxc2 32. Qd8 h5 33. Qf6+ Kg8 34.
h3 Bd3 35. Qd8+ Kg7 36. Qf6+ Kg8 37. Qd8+ {Game drawn by mutual agreement}
1/2-1/2

[Event "Team 45 45 League T66"]
[Site "Internet Chess Club"]
[Date "2015.09.28"]
[Round "4"]
[White "Visin"]
[Black "ChessMaine"]
[Result "0-1"]
[WhiteElo "1185"]
[BlackElo "1523"]
[Opening "French: Fort Knox variation"]
[ECO "C10"]
[Time "05:04:09"]
[TimeControl "2700+45"]

1. e4 e6 2. d4 d5 3. Nc3 dxe4 4. Nxe4 Bd7 5. Nf3 Bc6 6. Nc3 Nd7 7. Bf4 a6 8. Bc4
b5 9. d5 bxc4 10. dxc6 Nb6 11. Qxd8+ Kxd8 12. Ne5 Ke7 13. O-O Nf6 14. Nf3 Nbd5
15. Bg5 h6 16. Bxf6+ Kxf6 17. Ne4+ Ke7 18. c3 Rb8 19. Rab1 Rb6 20. Nd4 e5 21.
Nf3 Ke6 22. Nc5+ Bxc5 23. Rfe1 f6 24. Nd4+ Bxd4 25. cxd4 Rhb8 26. dxe5 fxe5 27.
Rbd1 Rxb2 28. f4 Nxf4 29. g3 Nh3+ 30. Kf1 Rf2# {White checkmated} 0-1

[Event "Team 45 45 League T66"]
[Site "Internet Chess Club"]
[Date "2015.09.29"]
[Round "4"]
[White "seattleblues"]
[Black "dabodhi"]
[Result "0-1"]
[WhiteElo "1400"]
[BlackElo "1401"]
[Opening "Bogo-Indian defense, Nimzovich variation"]
[ECO "E11"]
[Time "22:02:18"]
[TimeControl "2700+45"]

1. d4 Nf6 2. Nf3 e6 3. c4 Bb4+ 4. Bd2 Qe7 5. Nc3 O-O 6. a3 Bxc3 7. Bxc3 Ne4 8.
Bb4 c5 9. dxc5 Nxc5 10. e3 Nc6 11. Bd2 b6 12. Be2 Bb7 13. O-O Ne4 14. Bc1 Rac8
15. Bd3 Na5 16. b3 Ng5 17. Nd4 Qf6 18. Rb1 Nh3+ 19. Kh1 Nxf2+ 20. Rxf2 Qxf2 21.
Qf1 Qxf1+ 22. Bxf1 Be4 23. Rb2 d5 24. Nb5 Rfd8 25. Nxa7 Rc7 26. Nb5 Rcc8 27. Nc3
Bf5 28. Na4 dxc4 29. Nxb6 Rd1 30. Rf2 Rcd8 31. Bb2 R8d2 32. Kg1 Bd3 33. h3 Rxf1+
34. Rxf1 Bxf1 35. Kxf1 Rxb2 36. b4 c3 {White resigns} 0-1

[Event "Team 45 45 League T66"]
[Site "Internet Chess Club"]
[Date "2015.09.26"]
[Round "4"]
[White "tamky70"]
[Black "Conjurer"]
[Result "0-1"]
[WhiteElo "1329"]
[BlackElo "1282"]
[Opening "QGD semi-Slav"]
[ECO "D43"]
[Time "14:05:56"]
[TimeControl "2700+45"]

1. d4 d5 2. c4 Nf6 3. Nc3 c6 4. Nf3 e6 5. cxd5 Nxd5 6. Nxd5 Qxd5 7. e3 Be7 8.
Be2 O-O 9. O-O Nd7 10. b3 Nf6 11. Bb2 Qd8 12. Bd3 Nd5 13. Qb1 g6 14. e4 Nf4 15.
Bc2 c5 16. e5 Ne2+ 17. Kh1 Nxd4 18. Nxd4 cxd4 19. Bd3 Qd5 20. Re1 Bb4 21. Be4
Qxe5 22. Rd1 Bd6 23. g3 Bc5 24. Qd3 Rd8 25. Kg1 f5 26. Bg2 Qd6 27. Bc1 e5 28.
Bg5 e4 29. Qc4+ Be6 30. Qc1 Rd7 31. Bf4 Qb6 32. h4 d3 33. Rb1 Bxf2+ 34. Kh2 Rf7
35. Be5 Bd4 36. Bf4 Rc8 37. Qa3 Bc5 38. Qb2 Bf8 39. Rbc1 Bg7 40. Rxc8+ Bxc8 41.
Be5 Qe6 42. Bxg7 Rxg7 43. Qc3 b5 44. Qa5 Qb6 45. Qc3 Rc7 46. Qe5 Kf7 47. Qd5+
Be6 48. Qe5 Rc2 49. Qh8 h5 50. Qh7+ Ke8 51. Qxg6+ Ke7 52. Qg7+ Bf7 53. Qe5+ Qe6
54. Qxb5 f4 55. Qb7+ Kf6 56. Qxe4 Qxe4 {White resigns} 0-1